 Dungeon Crawl Stone Soup version 0.31-a0-949-g57150269e1 (webtiles) character file.

Game seed: 13207247443645341981

3494 p00ps00p the Cleaver (level 10, -9/91 HPs)
             Began as a Hill Orc Fighter on Oct 21, 2023.
             Was an Initiate of Gozag.
             Mangled by a yak (13 damage)
             ... while paralysed by a hornet
             ... on level 8 of the Dungeon.
             The game lasted 00:15:10 (10216 turns).

p00ps00p the Cleaver (Hill Orc Fighter)            Turns: 10216, Time: 00:15:12

Health: -9/91      AC: 13    Str: 24    XL:     10   Next: 7%
Magic:  10/10      EV:  2    Int:  8    God:    Gozag
Gold:   505        SH:  0    Dex: 10    Spells: 9/9 levels left

rFire   . . .        a - +2 war axe (venom)
rCold   . . .        m - +1 tower shield
rNeg    . . .        c - +0 chain mail
rPois   .            f - +0 helmet
rElec   .            (no cloak)
rCorr   .            y - +0 pair of gloves
SInv    .            (no boots)
Will    .....        n - amulet of reflection Stlth
                     (no ring)
HPRegen 0.35/turn    (no ring)
MPRegen 0.12/turn

%: reflection
@: paralysed, lethally poisoned (-9 -> -21), slowed
A: no striking features
a: Renounce Religion, Potion Petition, Call Merchant, Bribe Branch


You were on level 8 of the Dungeon.
You worshipped Gozag.
Gozag was pleased with you.
You visited 2 branches of the dungeon, and saw 10 of its levels.
You also visited: Sewer.

You collected 1112 gold pieces.
You paid 607 gold pieces to Gozag.

Inventory:

Hand Weapons
 a - a +2 war axe of venom (weapon)
Missiles
 r - 3 throwing nets
 A - 4 silver javelins
Armour
 c - a +0 chain mail (worn)
 f - a +0 helmet (worn)
 m - a +1 tower shield (worn)
 y - a +0 pair of gloves (worn)
Jewellery
 d - a ring of ice
 n - an amulet of reflection (around neck)
 v - a +6 ring of dexterity
 D - an amulet of guardian spirit
 I - an amulet of regeneration
Talismans
 s - a flux talisman
Wands
 b - a wand of acid (19)
 t - a wand of iceblast (8)
 x - a wand of flame (1)
Scrolls
 e - 4 scrolls of immolation
 j - 4 scrolls of fear
 p - 4 scrolls of teleportation
 z - a scroll of amnesia
 B - a scroll of fog
 E - a scroll of blinking
 F - a scroll of enchant armour
 G - a scroll of identify
 H - a scroll of revelation {unknown}
Potions
 g - a potion of resistance
 h - a potion of might
 i - 3 potions of berserk rage
 k - 4 potions of brilliance
 l - a potion of degeneration
 o - 2 potions of enlightenment
 q - 2 potions of mutation {unknown}
 u - a potion of magic {unknown}
 w - a potion of haste {unknown}
 C - a potion of curing {unknown}


   Skills:
 + Level 9.2 Fighting
 + Level 9.6 Axes
 + Level 8.4 Armour
 + Level 8.3 Shields


You had 9 spell levels left.
You didn't know any spells.
Your spell library contained the following spells:

 Spells                   Type           Power      Damage    Failure   Level
 Magic Dart               Conj           0%         1d3       100%        1
 Searing Ray              Conj           0%         2d4       100%        2
 Sublimation of Blood     Necr           0%         N/A       100%        2
 Fulminant Prism          Conj/Hex       0%         3d5       100%        4
 Leda's Liquefaction      Hex/Erth       0%         N/A       100%        4
 Petrify                  Tmut/Erth      0%         N/A       100%        4
 Irradiate                Conj/Tmut      0%         3d11      100%        5
 Lee's Rapid Deconstruct  Erth           0%         3d4*      100%        5
 Bombard                  Conj/Erth      0%         9d1       100%        6


Dungeon Overview and Level Annotations

Branches:
Dungeon (9/15)             Temple (1/1) D:4           Sewer (visited)
   Lair: D:8-11         Orc: D:9-12

Altars:
Ashenzari
Cheibriados
Dithmenos
Fedhas
Gozag
Hepliaklqana
Kikubaaqudgha
Makhleb
Nemelex Xobeh
Okawaru
Qazlal
Ru
Sif Muna
Trog
Vehumet
Wu Jian
Xom
Yredelemnul
Zin

Shops:
D:1 :   D:7 [


Message History

The yak is distracted by your dazzling golden aura.
You feel very sick. The hornet stings you.
You shrug off the repeated paralysis!
The yak gores you but does no damage. The hornet stings you!
You are more poisoned.
You feel yourself slow down.
You feel very sick. The hornet stings you.
You feel as though you will be slow longer.
The yak completely misses you.
You can move again.
You hit the hornet but do no damage.
The hornet is poisoned.
You slash the yak!
The yak is poisoned.
You closely miss the yak.
The yak is no longer distracted by gold.
You feel very sick.
You block the hornet's attack. x2; The yak barely misses you.
You block the yak's attack. You block the hornet's attack. The yak gores you.
You block the yak's attack.
You miss the hornet.
The hornet is lightly wounded.
You hit the yak. x2; The yak looks as sick as possible!
You feel very sick. You block the hornet's attack. The hornet stings you!
You suddenly lose the ability to move!
The yak snorts and paws the ground.
The yak gores you!
* * * LOW HITPOINT WARNING * * *
The yak gores you!
* * * LOW HITPOINT WARNING * * *
The hornet stings you.
* * * LOW HITPOINT WARNING * * *
You are lethally poisoned!
You feel as though you will be slow longer.
* * * LOW HITPOINT WARNING * * *
You feel very sick. The yak gores you!
* * * LOW HITPOINT WARNING * * *
The yak gores you!
You die...
Your body crumbles into a pile of gold.

.......####### #.#
##.###.......######.#
##.###.......##...#.#
....##.......##.....#
##.........>.##...######
##.###.......#.........#
##.# #....<..#.#.##.##.#
.#.# #.......#.#y##.##.#
...# #########.#@Y..##.#
.###### #.#Y##.##.#
......# #.#.##.##.#
)####.# #.........#
.####.# ######.####
...##.# ##########.#
.#.##.####..........#
...........##########
.###########


You could see 2 yaks and a hornet (very poisoned).

Vanquished Creatures
  Maggie (D:7)
  Grinder (D:3)
  A yak (D:8)
  A wyvern (D:8)
  Menkaure (D:7)
  A water moccasin (D:7)
  An orc warrior (D:8)
  4 sky beasts
  A black bear (D:4)
  3 ogres
  A phantom (D:6)
  2 bullfrogs (D:7)
  A gnoll sergeant (D:5)
  2 scorpions
  7 killer bees (D:7)
  3 howler monkeys
  A crimson imp (D:7)
  5 jellies
  4 hounds
  2 orc priests (D:4)
  2 sleepcaps
  A gnoll bouda (D:6)
  3 iguanas
  2 orc wizards
  8 adders
  13 gnolls
  A white imp (D:5)
  2 ufetubi (D:6)
  4 dart slugs
  2 worms (D:4)
  19 orcs
  12 ball pythons
  18 endoplasms
  11 giant cockroaches
  9 goblins
  11 hobgoblins
  3 jackals (D:4)
  6 quokkas
  4 bats
  7 frilled lizards
  8 kobolds
  6 rats
195 creatures vanquished.

Notes
Turn   | Place    | Note
-------+----------+-------------------------------------------
     0 | D:1      | p00ps00p the Hill Orc Fighter began the quest for the Orb.
     0 | D:1      | Reached XP level 1. HP: 19/19 MP: 1/1
   183 | D:1      | Found a faded altar of an unknown god.
   225 | D:1      | Reached XP level 2. HP: 27/27 MP: 2/2
   489 | D:1      | Found Lot Ben's Vocational Training.
   604 | D:1      | Reached XP level 3. HP: 33/33 MP: 3/3
  2020 | D:2      | Reached XP level 4. HP: 26/40 MP: 4/4
  2467 | D:3      | Noticed Grinder
  2476 | D:3      | Killed Grinder
  2477 | D:3      | Reached skill level 5 in Fighting
  2477 | D:3      | Reached XP level 5. HP: 31/48 MP: 5/5
  2477 | D:3      | Reached XP level 6. HP: 36/56 MP: 6/6
  2880 | D:3      | Found a shimmering blue altar of Sif Muna.
  3223 | D:3      | Found a shadowy altar of Dithmenos.
  3535 | D:4      | Reached skill level 5 in Axes
  3603 | D:4      | Noticed a black bear
  3840 | D:4      | Reached skill level 5 in Shields
  3848 | D:4      | Reached skill level 5 in Armour
  3848 | D:4      | Reached XP level 7. HP: 57/61 MP: 7/7
  4258 | D:4      | Found a staircase to the Ecumenical Temple.
  4300 | Temple   | Entered the Ecumenical Temple
  4308 | Temple   | Became a worshipper of Gozag Ym Sagoz the Greedy
  4657 | D:5      | Entered Level 5 of the Dungeon
  4887 | D:5      | Reached XP level 8. HP: 23/71 MP: 8/8
  4976 | D:5      | Found a glowing drain.
  5015 | Sewer    | Entered a sewer
  5655 | Sewer    | Found a viscous altar of Jiyva.
  6025 | D:5      | Identified the +1 robe of the Weaver {Regen+}
  7126 | D:6      | Reached XP level 9. HP: 42/80 MP: 9/9
  7597 | D:7      | Noticed Menkaure
  7990 | D:7      | Killed Menkaure
  8234 | D:7      | Noticed Maggie
  8243 | D:7      | Killed Maggie
  9048 | D:7      | Found a glowing silver altar of Zin.
  9468 | D:7      | Found a radiant altar of Vehumet.
  9469 | D:7      | Found a burning altar of Makhleb.
  9753 | D:8      | Found a snail-covered altar of Cheibriados.
  9769 | D:8      | Reached XP level 10. HP: 91/91 MP: 10/10
 10211 | D:8      | Paralysed by a hornet for 3 turns
 10215 | D:8      | Paralysed by a hornet for 3 turns
 10216 | D:8      | HP: 4/91 [yak (7)]
 10216 | D:8      | Mangled by a yak

Illustrated notes

Levels and vault maps discovered:
D:1:      lemuel_arrival_funnel, layout_loops_ring, basic_ecumenical_altar,
          serial_forest, infiniplex_forest_clump_double,
          infiniplex_forest_split, infiniplex_forest_lined_room_,
          infiniplex_forest_clump_diagonal, infiniplex_forest_lined_corner,
          infiniplex_forest_end_3, infiniplex_forest_lined_2,
          infiniplex_forest_clump_tiny, dreamdust_wishing_well,
          nicolae_shop_vocational
D:2:      layout_loops_ring, serial_glass, glass_columns_a, glass_columns_b,
          supply_closet_lemuel
D:3:      layout_basic, mainiacjoe_overflow_catwalk, marbit_many_paths,
          uniq_grinder
D:4:      layout_loops_ring, minmay_temple_entry_proselytizer, minmay_puff
D:5:      layout_gridville, gup_sewer_entry_glass
D:6:      layout_loops_ring
D:7:      layout_loops_ring, zin_treasury,
          grunt_temple_overflow_lords_of_destruction, minivault_25, eino_jars,
          uniq_maggie, uniq_menkaure
D:8:      layout_loops_cross, kennysheep_mini_moat
D:9:      layout_basic, zombieorc2_lemuel, minivault_22
Temple:   hellmonk_temple_forest_ring

Skill      XL: |  1  2  3  4  5  6  7  8  9 |
---------------+----------------------------+-----
Axes           | 3 4 5 6 7 9 |  9.6
Fighting       | 4 5 6 7 9 |  9.2
Armour         | 4 5 7 8 |  8.4
Shields        | 4 5 6 8 |  8.3

Action                     |  1- 3 |  4- 6 |  7- 9 | 10-12 || total
---------------------------+-------+-------+-------+-------++-------
  Melee: War axe           |   389 |    93 |   381 |    17 ||   880
 Invoke: Call Merchant     |       |       |     1 |       ||     1
  Evoke: Wand              |       |       |     5 |       ||     5
    Use: Scroll            |     3 |     7 |    10 |       ||    20
         Potion            |       |     1 |     1 |       ||     2
 Armour: Scale mail        |    48 |    42 |     7 |       ||    97
         Chain mail        |       |       |   218 |    21 ||   239
  Dodge: Dodged            |    40 |    29 |    63 |     5 ||   137
  Block: Buckler           |    23 |     1 |       |       ||    24
         Tower shield      |       |    42 |   404 |    22 ||   468
         Reflection        |       |       |     4 |       ||     4

Table legend: (Time is in decaauts)
 A = Elapsed time spent in this place.
 B = Non-inter-level travel time spent in this place.
 C = Inter-level travel time spent in this place.
 D = Time resting spent in this place.
 E = Time spent auto-exploring this place.
 F = Levels seen in this place.
 G = Mean time per level.
                   A        B        C        D        E       F      G
               +--------+--------+--------+--------+--------+-----+--------+
         Total |  10602 |  10222 |    380 |   1700 |   6105 |  11 |  963.8 |
       Dungeon |   9733 |   9359 |    374 |   1352 |   5757 |   9 | 1081.4 |
        Temple |     14 |      8 |      6 |      0 |      0 |   1 |   14.0 |
         Sewer |    854 |    854 |      0 |    348 |    348 |   1 |  854.0 |
               +--------+--------+--------+--------+--------+-----+--------+

Top non-repeatable levels by time:
     D:7: 1739 daAuts
     D:1: 1720 daAuts
     D:6: 1366 daAuts
     D:4: 1235 daAuts
     D:3: 1085 daAuts
     D:5: 1047 daAuts
   Sewer: 854 daAuts
     D:2: 825 daAuts
     D:8: 709 daAuts
  Temple: 14 daAuts
     D:9: 4 daAuts
